[ AOE2 MATCH · #463599111 ]
Team RMTatars vs Chinese
[ REPLAY ANALYSIS · EXTRACTED FROM THE RECORDED GAME ]
Feudal
13:52
Castle
20:14
Imperial
33:34
| APM avg | 33.6 |
| APM peak | 63 |
| eAPM avg | 21.6 |
| Villagers / military | 143 / 274 |
Focus
⚔️ 32.3% · 🌾 67.7%
Scout Cavalry ×96 · Cavalry Archer ×74 · Steppe Lancer ×54 · Trade Cart ×36 · Scorpion ×21 · Mangonel ×16
Feudal
13:10
Castle
17:05
Imperial
29:55
| APM avg | 22.4 |
| APM peak | 101 |
| eAPM avg | 14.5 |
| Villagers / military | 150 / 231 |
Focus
⚔️ 29.0% · 🌾 71.0%
Longbowman ×217 · Trebuchet (Packed) ×13 · Monk ×1
Feudal
14:03
Castle
22:25
Imperial
31:21
| APM avg | 46.5 |
| APM peak | 101 |
| eAPM avg | 26.3 |
| Villagers / military | 161 / 442 |
Focus
⚔️ 44.9% · 🌾 55.1%
Spearman ×153 · Knight ×102 · Scout Cavalry ×92 · Camel Scout ×73 · War Elephant ×11 · Monk ×10
Feudal
12:05
Castle
18:45
Imperial
33:57
| APM avg | 23.6 |
| APM peak | 59 |
| eAPM avg | 15.2 |
| Villagers / military | 110 / 232 |
Focus
⚔️ 40.2% · 🌾 59.8%
War Elephant ×144 · Archer ×58 · Trade Cart ×20 · Trebuchet (Packed) ×16 · Skirmisher ×13 · Monk ×1
Feudal
18:24
Castle
23:37
Imperial
40:03
| APM avg | 22.0 |
| APM peak | 84 |
| eAPM avg | 11.9 |
| Villagers / military | 144 / 200 |
Focus
⚔️ 25.1% · 🌾 74.9%
Chu Ko Nu ×141 · Knight ×58 · Trade Cart ×9 · Monk ×1
Feudal
12:31
Castle
21:57
Imperial
41:48
| APM avg | 23.6 |
| APM peak | 55 |
| eAPM avg | 12.8 |
| Villagers / military | 130 / 475 |
Focus
⚔️ 28.2% · 🌾 71.8%
Knight ×397 · Scout Cavalry ×75 · Trade Cart ×32 · Trebuchet (Packed) ×3
Feudal
15:02
Castle
20:49
Imperial
35:07
| APM avg | 22.0 |
| APM peak | 60 |
| eAPM avg | 18.4 |
| Villagers / military | 187 / 776 |
Focus
⚔️ 38.1% · 🌾 61.9%
Spearman ×435 · Huskarl ×233 · Militia ×84 · Trade Cart ×45 · Trebuchet (Packed) ×13 · Battering Ram ×9
Feudal
13:51
Castle
18:46
Imperial
34:56
| APM avg | 32.8 |
| APM peak | 100 |
| eAPM avg | 17.2 |
| Villagers / military | 172 / 349 |
Focus
⚔️ 18.8% · 🌾 81.2%
Knight ×298 · Trade Cart ×35 · Throwing Axeman ×30 · Bombard Cannon ×18 · Monk ×3
Match map
Initial resources + every placement click. Lines = walls · curves = elevation contours. ◆ gold · ⬟ stone · ● berries · ✦ relic · ◌ wall gap
Your base· ✓ Closed at 20:14 · 37t walls · fragile
fifox58's base· ✓ Closed at 17:05 · 10t walls · fragile
lolfred's base· ✓ Closed at 22:25 · 36t walls · 1 gate(s)
Mortare's base· ✓ Closed at 18:45 · 14t walls · fragile
HoLeeFuk's base· ✓ Closed at 23:37 · 81t walls · no gate
rkw's base· Open — opponent sealed themselves in
[LOEL] Vianella's base· ✓ Closed at 20:49 · 47t walls · no gate
xbr's base· ✓ Closed at 18:46 · 0t walls · fragile
Smoothed initial terrain · ◌ = detected wall gap · hover for details
Inputs per minute
— praetorian005 - - fifox58
Build order — praetorian005
First 150 of 493 actions detected
| 0:04 | Build | House |
| 0:06 | Build | House |
| 0:17 | Create | Villager (Male) |
| 0:17 | Create | Villager (Male) |
| 0:18 | Create | Villager (Male) |
| 0:18 | Create | Villager (Male) |
| 0:45 | Research | Loom |
| 0:46 | Create | Villager (Male) |
| 0:46 | Create | Villager (Male) |
| 1:08 | Build | Palisade Wall |
| 1:47 | Build | Palisade Wall |
| 2:35 | Create | Villager (Male) |
| 2:41 | Build | Lumber Camp |
| 2:56 | Create | Villager (Male) |
| 3:35 | Create | Villager (Male) |
| 4:03 | Create | Villager (Male) |
| 4:34 | Create | Villager (Male) |
| 4:44 | Build | House |
| 4:47 | Create | Villager (Male) |
| 5:08 | Build | House |
| 5:28 | Build | Palisade Wall |
| 5:30 | Create | Villager (Male) |
| 5:38 | Create | Villager (Male) |
| 5:54 | Build | Palisade Gate |
| 5:57 | Build | Palisade Wall |
| 6:38 | Create | Villager (Male) |
| 6:38 | Create | Villager (Male) |
| 6:39 | Create | Villager (Male) |
| 6:41 | Build | Mill |
| 7:17 | Create | Villager (Male) |
| 7:20 | Build | House |
| 7:34 | Create | Villager (Male) |
| 7:59 | Create | Villager (Male) |
| 8:00 | Create | Villager (Male) |
| 8:42 | Create | Villager (Male) |
| 8:43 | Create | Villager (Male) |
| 10:03 | Create | Villager (Male) |
| 10:20 | Build | House |
| 11:40 | Create | Villager (Male) |
| 11:41 | Research | Feudal Age |
| 12:45 | Build | Dock |
| 13:13 | Build | Mill |
| 13:28 | Build | Lumber Camp |
| 13:52 | Age | Feudal Age |
| 13:55 | Create | Villager (Male) |
| 13:57 | Create | Villager (Male) |
| 14:04 | Research | Double-Bit Axe |
| 14:21 | Build | House |
| 14:34 | Create | Villager (Male) |
| 14:36 | Create | Fishing Ship |
| 15:03 | Build | Mining Camp |
| 15:07 | Create | Villager (Male) |
| 15:22 | Create | Fishing Ship |
| 15:34 | Build | House |
| 15:35 | Build | House |
| 15:38 | Build | House |
| 15:42 | Create | Villager (Male) |
| 15:51 | Create | Fishing Ship |
| 16:01 | Build | Market |
| 16:13 | Build | Blacksmith |
| 16:18 | Create | Villager (Male) |
| 16:18 | Create | Villager (Male) |
| 16:47 | Create | Fishing Ship |
| 16:59 | Build | Farm |
| 17:02 | Build | Farm |
| 17:03 | Build | Farm |
| 17:07 | Build | Farm |
| 17:12 | Build | Farm |
| 17:34 | Research | Castle Age |
| 18:05 | Build | Mining Camp |
| 18:18 | Create | Fishing Ship |
| 18:20 | Create | Fishing Ship |
| 18:37 | Research | Stone Mining |
| 19:16 | Build | Mill |
| 19:50 | Create | Fishing Ship |
| 19:56 | Build | House |
| 19:59 | Build | House |
| 20:00 | Build | House |
| 20:14 | Age | Castle Age |
| 20:24 | Build | Town Center |
| 20:31 | Create | Villager (Male) |
| 20:32 | Create | Villager (Male) |
| 20:56 | Build | Town Center |
| 21:02 | Create | Villager (Male) |
| 21:25 | Create | Villager (Male) |
| 21:54 | Research | Bow Saw |
| 21:55 | Create | Villager (Male) |
| 21:59 | Create | Fishing Ship |
| 21:59 | Create | Fishing Ship |
| 22:09 | Build | Fish Trap |
| 22:15 | Build | Fish Trap |
| 22:25 | Create | Villager (Male) |
| 22:34 | Create | Villager (Male) |
| 22:38 | Create | Villager (Male) |
| 22:42 | Build | Farm |
| 22:45 | Create | Fishing Ship |
| 22:51 | Build | Fish Trap |
| 22:56 | Build | Fish Trap |
| 23:10 | Create | Villager (Male) |
| 23:20 | Create | Villager (Male) |
| 23:21 | Create | Villager (Male) |
| 23:22 | Create | Villager (Male) |
| 23:33 | Build | Fish Trap |
| 23:35 | Build | Fish Trap |
| 23:40 | Build | Fish Trap |
| 23:41 | Create | Villager (Male) |
| 23:42 | Create | Villager (Male) |
| 23:58 | Build | Fish Trap |
| 23:59 | Create | Villager (Male) |
| 24:00 | Create | Villager (Male) |
| 24:05 | Create | Villager (Male) |
| 24:05 | Create | Villager (Male) |
| 24:11 | Build | Lumber Camp |
| 24:23 | Create | Villager (Male) |
| 24:23 | Create | Villager (Male) |
| 24:45 | Build | Castle |
| 24:47 | Create | Villager (Male) |
| 24:47 | Create | Villager (Male) |
| 25:06 | Research | Gold Mining |
| 25:10 | Build | Farm |
| 25:11 | Build | Farm |
| 25:12 | Create | Villager (Male) |
| 25:12 | Create | Villager (Male) |
| 25:13 | Create | Villager (Male) |
| 25:22 | Build | Farm |
| 25:24 | Create | Villager (Male) |
| 25:24 | Create | Villager (Male) |
| 25:35 | Build | Farm |
| 25:36 | Build | Farm |
| 25:37 | Build | Farm |
| 25:38 | Build | Farm |
| 25:40 | Build | Farm |
| 25:44 | Create | Villager (Male) |
| 25:45 | Create | Villager (Male) |
| 25:45 | Create | Villager (Male) |
| 25:59 | Research | Tech 906 |
| 26:06 | Build | Farm |
| 26:11 | Create | Villager (Male) |
| 26:12 | Create | Villager (Male) |
| 26:12 | Create | Villager (Male) |
| 26:12 | Create | Villager (Male) |
| 26:35 | Build | Monastery |
| 26:37 | Create | Villager (Male) |
| 26:38 | Create | Villager (Male) |
| 26:38 | Create | Villager (Male) |
| 26:38 | Create | Villager (Male) |
| 26:45 | Create | Villager (Male) |
| 26:50 | Build | House |
| 26:51 | Build | House |
| 26:52 | Build | House |
Build order — fifox58
First 150 of 335 actions detected
| 0:06 | Build | House |
| 0:08 | Create | Villager (Male) ×4 |
| 0:12 | Build | House |
| 1:33 | Create | Villager (Male) |
| 1:33 | Create | Villager (Male) |
| 1:34 | Create | Villager (Male) |
| 2:00 | Create | Villager (Male) |
| 2:00 | Create | Villager (Male) |
| 2:01 | Create | Villager (Male) |
| 2:34 | Build | Palisade Wall |
| 2:40 | Create | Villager (Male) |
| 2:40 | Create | Villager (Male) |
| 2:41 | Create | Villager (Male) |
| 2:56 | Create | Villager (Male) |
| 2:57 | Create | Villager (Male) |
| 2:57 | Create | Villager (Male) |
| 3:08 | Create | Villager (Male) |
| 3:09 | Create | Villager (Male) |
| 3:09 | Create | Villager (Male) |
| 3:18 | Build | Mill |
| 3:45 | Create | Villager (Male) |
| 3:45 | Create | Villager (Male) |
| 3:45 | Create | Villager (Male) |
| 3:45 | Create | Villager (Male) |
| 4:08 | Build | House |
| 4:13 | Create | Villager (Male) |
| 4:14 | Create | Villager (Male) |
| 4:14 | Create | Villager (Male) |
| 4:14 | Create | Villager (Male) |
| 4:41 | Create | Villager (Male) |
| 4:41 | Create | Villager (Male) |
| 4:41 | Create | Villager (Male) |
| 5:00 | Create | Villager (Male) |
| 5:01 | Create | Villager (Male) |
| 5:01 | Create | Villager (Male) |
| 5:22 | Create | Villager (Male) |
| 5:22 | Create | Villager (Male) |
| 5:22 | Create | Villager (Male) |
| 5:43 | Create | Villager (Male) |
| 5:43 | Create | Villager (Male) |
| 5:44 | Create | Villager (Male) |
| 5:50 | Build | House |
| 6:17 | Build | Lumber Camp |
| 6:47 | Create | Villager (Male) |
| 6:47 | Create | Villager (Male) |
| 6:48 | Create | Villager (Male) |
| 7:28 | Create | Villager (Male) ×5 |
| 7:28 | Create | Villager (Male) ×5 |
| 7:28 | Create | Villager (Male) ×5 |
| 7:33 | Build | House |
| 8:12 | Build | Mining Camp |
| 8:19 | Create | Villager (Male) |
| 8:37 | Build | House |
| 10:03 | Build | Farm |
| 10:04 | Build | Farm |
| 10:06 | Build | Farm |
| 10:08 | Build | Farm |
| 10:25 | Research | Feudal Age |
| 10:44 | Build | Farm |
| 11:43 | Create | Villager (Male) |
| 11:43 | Create | Villager (Male) |
| 11:43 | Create | Villager (Male) |
| 11:58 | Build | Farm |
| 11:59 | Build | Farm |
| 12:17 | Build | Farm |
| 12:19 | Build | Farm |
| 13:10 | Age | Feudal Age |
| 13:15 | Build | Market |
| 13:22 | Build | Blacksmith |
| 14:19 | Research | Castle Age |
| 14:38 | Research | Double-Bit Axe |
| 14:47 | Build | House |
| 14:47 | Build | House |
| 14:47 | Build | House |
| 14:47 | Build | House |
| 14:47 | Build | House |
| 14:48 | Build | House |
| 14:48 | Build | House |
| 14:50 | Build | House |
| 14:51 | Build | House |
| 15:52 | Create | Villager (Male) ×5 |
| 16:34 | Create | Villager (Male) |
| 16:34 | Create | Villager (Male) |
| 17:05 | Age | Castle Age |
| 17:08 | Build | Town Center |
| 17:16 | Build | Town Center |
| 17:24 | Build | Farm |
| 17:25 | Build | Farm |
| 17:27 | Build | Farm |
| 17:29 | Build | Farm |
| 17:38 | Build | Farm |
| 17:39 | Build | Farm |
| 17:41 | Build | Farm |
| 17:51 | Build | Farm |
| 17:57 | Create | Villager (Male) |
| 17:57 | Create | Villager (Male) |
| 17:57 | Create | Villager (Male) |
| 18:20 | Build | Farm |
| 18:22 | Build | Farm |
| 18:23 | Build | Farm |
| 18:29 | Build | Farm |
| 18:36 | Build | Farm |
| 18:38 | Create | Villager (Male) |
| 18:38 | Create | Villager (Male) |
| 18:38 | Create | Villager (Male) |
| 18:50 | Build | Farm |
| 19:00 | Build | Farm |
| 19:04 | Create | Villager (Male) |
| 19:06 | Create | Villager (Male) |
| 19:06 | Create | Villager (Male) |
| 19:07 | Create | Villager (Male) |
| 19:23 | Build | Mining Camp |
| 19:30 | Research | Bow Saw |
| 19:32 | Create | Villager (Male) |
| 19:37 | Create | Villager (Male) |
| 19:37 | Create | Villager (Male) |
| 19:54 | Build | Farm |
| 19:55 | Build | Farm |
| 19:57 | Build | Farm |
| 20:10 | Build | Farm |
| 20:13 | Create | Villager (Male) |
| 20:13 | Create | Villager (Male) |
| 20:15 | Create | Villager (Male) |
| 20:15 | Create | Villager (Male) |
| 20:18 | Create | Villager (Male) |
| 20:18 | Create | Villager (Male) |
| 20:37 | Build | Stone Wall |
| 20:48 | Create | Villager (Male) |
| 20:48 | Create | Villager (Male) |
| 20:51 | Create | Villager (Male) |
| 20:51 | Create | Villager (Male) |
| 20:54 | Create | Villager (Male) |
| 20:54 | Create | Villager (Male) |
| 20:54 | Create | Villager (Male) |
| 20:54 | Create | Villager (Male) |
| 21:01 | Build | Stone Wall |
| 21:07 | Research | Stone Mining |
| 21:14 | Create | Villager (Male) |
| 21:27 | Build | Stone Wall |
| 21:34 | Build | Stone Wall |
| 21:42 | Create | Villager (Male) |
| 21:45 | Create | Villager (Male) |
| 21:46 | Create | Villager (Male) |
| 21:52 | Build | Farm |
| 21:57 | Build | House |
| 21:58 | Build | House |
| 22:00 | Build | House |
| 22:01 | Build | House |
| 22:01 | Build | House |
| 22:01 | Build | House |
Build order — lolfred
First 150 of 873 actions detected
| 0:00 | Create | Villager (Male) |
| 0:00 | Create | Villager (Male) |
| 0:01 | Create | Villager (Male) |
| 0:01 | Create | Villager (Male) |
| 0:01 | Create | Villager (Male) |
| 0:03 | Build | House |
| 0:04 | Build | House |
| 0:06 | Build | House |
| 1:25 | Research | Loom |
| 1:38 | Build | Palisade Wall |
| 1:49 | Create | Villager (Male) |
| 1:49 | Create | Villager (Male) |
| 2:52 | Create | Villager (Male) |
| 3:33 | Create | Villager (Male) |
| 3:49 | Create | Villager (Male) |
| 4:12 | Create | Villager (Male) |
| 4:45 | Create | Villager (Male) |
| 5:37 | Create | Villager (Male) |
| 5:37 | Create | Villager (Male) |
| 5:50 | Build | Lumber Camp |
| 5:59 | Create | Villager (Male) |
| 6:30 | Create | Villager (Male) |
| 6:48 | Create | Villager (Male) |
| 6:49 | Create | Villager (Male) |
| 7:41 | Build | House |
| 8:09 | Create | Villager (Male) |
| 8:26 | Create | Villager (Male) |
| 8:40 | Create | Villager (Male) |
| 8:49 | Build | Mill |
| 9:56 | Build | Dock |
| 10:08 | Build | Dock |
| 10:19 | Create | Villager (Male) |
| 10:49 | Build | House |
| 11:08 | Create | Fishing Ship |
| 11:09 | Create | Fishing Ship |
| 11:23 | Build | House |
| 11:26 | Build | Mining Camp |
| 11:42 | Build | House |
| 11:59 | Research | Feudal Age |
| 13:12 | Create | Villager (Male) |
| 13:13 | Create | Villager (Male) |
| 13:37 | Build | Mill |
| 14:03 | Age | Feudal Age |
| 14:08 | Create | Villager (Male) |
| 14:12 | Create | Fishing Ship |
| 14:12 | Create | Fishing Ship |
| 14:13 | Create | Fishing Ship |
| 14:21 | Build | Market |
| 14:34 | Create | Villager (Male) |
| 14:37 | Research | Double-Bit Axe |
| 15:29 | Build | Stone Wall |
| 15:31 | Create | Villager (Male) |
| 15:31 | Create | Villager (Male) |
| 15:42 | Create | Villager (Male) |
| 15:42 | Create | Villager (Male) |
| 16:00 | Build | Mining Camp |
| 16:04 | Create | Villager (Male) |
| 16:06 | Build | Fish Trap |
| 16:38 | Create | Villager (Male) |
| 16:38 | Create | Villager (Male) |
| 17:06 | Create | Villager (Male) |
| 17:07 | Create | Villager (Male) |
| 17:11 | Build | Farm |
| 17:20 | Build | Farm |
| 17:53 | Build | Stone Wall |
| 17:57 | Create | Villager (Male) |
| 18:02 | Build | Farm |
| 18:08 | Build | Farm |
| 18:10 | Create | Demolition Raft |
| 18:19 | Build | House |
| 18:20 | Build | House |
| 18:26 | Build | House |
| 18:28 | Create | Villager (Male) |
| 19:09 | Build | House |
| 19:11 | Build | House |
| 19:12 | Build | House |
| 19:12 | Build | House |
| 19:13 | Build | House |
| 19:24 | Build | Blacksmith |
| 19:37 | Build | Fish Trap |
| 19:45 | Build | Gate |
| 19:53 | Research | Castle Age |
| 20:11 | Build | Fish Trap |
| 20:13 | Build | Fish Trap |
| 20:15 | Build | Fish Trap |
| 20:26 | Create | Fishing Ship |
| 20:26 | Create | Fishing Ship |
| 20:39 | Build | Fish Trap |
| 20:43 | Create | Fishing Ship |
| 20:43 | Create | Fishing Ship |
| 21:01 | Build | Mining Camp |
| 21:04 | Build | Farm |
| 21:06 | Build | Farm |
| 21:22 | Build | Barracks |
| 21:26 | Build | Fish Trap |
| 21:36 | Research | Stone Mining |
| 21:40 | Build | Mining Camp |
| 22:01 | Build | Fish Trap |
| 22:18 | Build | Fish Trap |
| 22:20 | Build | Fish Trap |
| 22:25 | Age | Castle Age |
| 22:28 | Build | Fish Trap |
| 22:28 | Build | Fish Trap |
| 22:37 | Build | Fish Trap |
| 22:48 | Create | Villager (Male) |
| 22:48 | Create | Villager (Male) |
| 22:48 | Create | Villager (Male) |
| 22:57 | Build | Town Center |
| 23:13 | Create | Villager (Male) |
| 24:32 | Build | Town Center |
| 24:34 | Create | Villager (Male) |
| 24:35 | Create | Villager (Male) |
| 24:35 | Create | Villager (Male) |
| 24:43 | Build | Fish Trap |
| 24:48 | Create | Villager (Male) |
| 24:52 | Create | Villager (Male) |
| 24:58 | Create | Villager (Male) |
| 25:00 | Create | Villager (Male) |
| 25:02 | Build | Farm |
| 25:07 | Create | Villager (Male) |
| 25:37 | Build | Monastery |
| 25:39 | Create | Villager (Male) |
| 25:39 | Create | Villager (Male) |
| 25:58 | Build | Castle |
| 26:02 | Create | Villager (Male) |
| 26:02 | Create | Villager (Male) |
| 26:06 | Build | Farm |
| 26:09 | Create | Villager (Male) |
| 26:09 | Create | Villager (Male) |
| 26:15 | Build | House |
| 26:16 | Build | House |
| 26:23 | Build | Farm |
| 26:26 | Build | Farm |
| 26:32 | Research | Wheelbarrow |
| 26:34 | Create | Villager (Male) |
| 26:34 | Create | Villager (Male) |
| 26:38 | Research | Wheelbarrow |
| 26:40 | Research | Loom |
| 26:46 | Build | Farm |
| 26:49 | Build | Farm |
| 26:53 | Create | Monk |
| 27:03 | Create | Villager (Male) |
| 27:08 | Create | Villager (Male) |
| 27:08 | Create | Villager (Male) |
| 27:13 | Build | Farm |
| 27:20 | Build | Farm |
| 27:24 | Build | Farm |
| 27:32 | Build | Stone Wall |
| 27:36 | Build | Gate |
| 27:40 | Create | Villager (Male) |
Build order — Mortare
First 150 of 514 actions detected
| 0:05 | Build | House |
| 0:06 | Build | House |
| 0:08 | Create | Villager (Male) |
| 0:08 | Create | Villager (Male) |
| 0:38 | Create | Villager (Male) |
| 0:57 | Create | Villager (Male) |
| 1:18 | Create | Villager (Male) |
| 1:19 | Create | Villager (Male) |
| 2:01 | Create | Villager (Male) |
| 2:03 | Create | Villager (Male) |
| 2:25 | Create | Villager (Male) |
| 3:06 | Create | Villager (Male) |
| 3:07 | Create | Villager (Male) |
| 3:29 | Create | Villager (Male) |
| 4:00 | Build | Palisade Wall |
| 4:22 | Build | Mill |
| 4:27 | Create | Villager (Male) |
| 4:36 | Build | House |
| 4:37 | Build | House |
| 5:23 | Create | Villager (Male) |
| 5:23 | Create | Villager (Male) |
| 5:57 | Create | Villager (Male) |
| 5:59 | Create | Villager (Male) |
| 6:41 | Build | Lumber Camp |
| 6:44 | Create | Villager (Male) |
| 6:45 | Create | Villager (Male) |
| 7:30 | Create | Villager (Male) |
| 7:35 | Build | Farm |
| 7:39 | Create | Villager (Male) |
| 7:40 | Create | Villager (Male) |
| 8:13 | Build | Farm |
| 8:23 | Build | House |
| 8:24 | Build | House |
| 8:28 | Create | Villager (Male) |
| 9:14 | Create | Villager (Male) |
| 9:14 | Create | Villager (Male) |
| 9:29 | Build | Farm |
| 9:46 | Build | Farm |
| 9:47 | Build | Farm |
| 9:55 | Create | Villager (Male) |
| 9:59 | Research | Feudal Age |
| 10:04 | Build | Farm |
| 10:19 | Build | Farm |
| 10:58 | Build | Mining Camp |
| 11:30 | Create | Villager (Male) |
| 11:30 | Create | Villager (Male) |
| 11:43 | Build | Farm |
| 12:05 | Age | Feudal Age |
| 12:10 | Build | Blacksmith |
| 12:27 | Research | Double-Bit Axe |
| 12:49 | Create | Villager (Male) |
| 12:50 | Create | Villager (Male) |
| 13:08 | Build | Market |
| 13:20 | Build | Farm |
| 13:23 | Build | Farm |
| 13:25 | Build | Farm |
| 13:38 | Create | Villager (Male) |
| 13:38 | Create | Villager (Male) |
| 13:47 | Build | Farm |
| 13:56 | Build | Farm |
| 14:16 | Build | House |
| 14:17 | Build | House |
| 14:29 | Build | Farm |
| 14:31 | Research | Horse Collar |
| 14:39 | Build | Farm |
| 14:50 | Create | Villager (Male) |
| 15:18 | Build | House |
| 15:19 | Build | House |
| 15:32 | Build | Farm |
| 15:34 | Create | Villager (Male) |
| 15:57 | Create | Villager (Male) |
| 16:02 | Build | Farm |
| 16:15 | Research | Castle Age |
| 16:23 | Build | Farm |
| 16:37 | Research | Stone Mining |
| 16:46 | Build | House |
| 16:47 | Build | House |
| 17:44 | Build | House |
| 17:45 | Build | House |
| 18:16 | Create | Villager (Male) |
| 18:17 | Create | Villager (Male) |
| 18:42 | Research | Gold Mining |
| 18:45 | Age | Castle Age |
| 18:47 | Research | Bow Saw |
| 18:55 | Build | Town Center |
| 18:57 | Create | Villager (Male) |
| 19:12 | Build | Stone Wall |
| 19:20 | Build | Stone Wall |
| 19:28 | Create | Villager (Male) |
| 19:57 | Create | Villager (Male) |
| 20:27 | Create | Villager (Male) |
| 20:28 | Create | Villager (Male) |
| 20:52 | Create | Villager (Male) |
| 20:52 | Create | Villager (Male) |
| 21:20 | Build | Town Center |
| 21:24 | Create | Villager (Male) |
| 21:30 | Create | Villager (Male) |
| 21:30 | Create | Villager (Male) |
| 21:43 | Create | Trade Cart |
| 22:08 | Create | Villager (Male) |
| 22:08 | Create | Villager (Male) |
| 22:13 | Create | Villager (Male) |
| 22:14 | Create | Villager (Male) |
| 22:16 | Build | Farm |
| 22:23 | Create | Villager (Male) |
| 22:26 | Create | Villager (Male) |
| 22:29 | Build | Farm |
| 22:35 | Build | Farm |
| 22:39 | Build | Farm |
| 22:44 | Create | Villager (Male) |
| 22:46 | Create | Villager (Male) |
| 22:55 | Build | House |
| 22:55 | Build | House |
| 23:04 | Research | Gold Shaft Mining |
| 23:12 | Research | Heavy Plow |
| 23:18 | Build | Farm |
| 23:19 | Build | Farm |
| 23:21 | Create | Villager (Male) |
| 23:22 | Create | Villager (Male) |
| 23:26 | Create | Villager (Male) |
| 23:41 | Create | Villager (Male) |
| 23:42 | Create | Villager (Male) |
| 23:42 | Create | Villager (Male) |
| 23:44 | Create | Villager (Male) |
| 23:44 | Create | Villager (Male) |
| 23:45 | Create | Villager (Male) |
| 23:53 | Build | Farm |
| 23:58 | Build | Farm |
| 24:05 | Create | Villager (Male) |
| 24:08 | Build | Farm |
| 24:14 | Build | Farm |
| 24:20 | Build | Monastery |
| 24:26 | Create | Trade Cart |
| 24:26 | Create | Trade Cart |
| 24:36 | Build | Farm |
| 24:42 | Create | Villager (Male) |
| 24:46 | Create | Villager (Male) |
| 24:46 | Create | Villager (Male) |
| 25:07 | Create | Monk |
| 25:09 | Build | House |
| 25:12 | Build | House |
| 25:19 | Build | Farm |
| 25:20 | Create | Villager (Male) |
| 25:20 | Create | Villager (Male) |
| 25:22 | Create | Villager (Male) |
| 25:22 | Create | Villager (Male) |
| 25:26 | Build | Farm |
| 25:31 | Create | Villager (Male) |
| 25:48 | Build | Farm |
| 25:51 | Create | Villager (Male) |
Build order — HoLeeFuk
First 150 of 476 actions detected
| 0:06 | Research | Loom |
| 0:36 | Build | Palisade Wall |
| 1:22 | Create | Villager (Male) |
| 1:22 | Create | Villager (Male) |
| 1:22 | Create | Villager (Male) |
| 2:25 | Build | Palisade Wall |
| 2:28 | Create | Villager (Male) |
| 2:28 | Create | Villager (Male) |
| 2:28 | Create | Villager (Male) |
| 2:52 | Create | Villager (Male) |
| 2:52 | Create | Villager (Male) |
| 3:06 | Create | Villager (Male) |
| 3:06 | Create | Villager (Male) |
| 3:51 | Build | Lumber Camp |
| 3:53 | Create | Villager (Male) |
| 3:53 | Create | Villager (Male) |
| 3:54 | Create | Villager (Male) |
| 3:54 | Create | Villager (Male) |
| 4:03 | Create | Villager (Male) |
| 4:03 | Create | Villager (Male) |
| 4:41 | Build | Palisade Wall |
| 4:48 | Create | Villager (Male) |
| 4:48 | Create | Villager (Male) |
| 5:19 | Create | Villager (Male) |
| 5:19 | Create | Villager (Male) |
| 5:19 | Create | Villager (Male) |
| 5:31 | Build | House |
| 7:20 | Create | Villager (Male) |
| 7:21 | Create | Villager (Male) |
| 7:21 | Create | Villager (Male) |
| 7:21 | Create | Villager (Male) |
| 7:21 | Create | Villager (Male) |
| 9:19 | Create | Villager (Male) |
| 9:19 | Create | Villager (Male) |
| 9:19 | Create | Villager (Male) |
| 9:20 | Create | Villager (Male) |
| 9:21 | Create | Villager (Male) |
| 9:37 | Create | Villager (Male) |
| 9:37 | Create | Villager (Male) |
| 9:38 | Create | Villager (Male) |
| 9:38 | Create | Villager (Male) |
| 10:20 | Build | House |
| 10:42 | Build | House |
| 11:19 | Create | Villager (Male) |
| 11:19 | Create | Villager (Male) |
| 11:37 | Build | Mining Camp |
| 11:58 | Build | Palisade Wall |
| 12:00 | Build | Palisade Wall |
| 12:19 | Create | Villager (Male) |
| 12:21 | Create | Villager (Male) |
| 14:14 | Create | Villager (Male) |
| 14:47 | Build | Mill |
| 14:56 | Create | Villager (Male) |
| 16:14 | Research | Feudal Age |
| 16:21 | Build | House |
| 16:22 | Build | House |
| 16:22 | Build | House |
| 16:22 | Build | House |
| 16:23 | Build | House |
| 16:30 | Build | Farm |
| 16:30 | Build | Farm |
| 16:30 | Build | Farm |
| 16:31 | Build | Farm |
| 16:40 | Build | Farm |
| 16:59 | Build | Mining Camp |
| 17:12 | Build | Lumber Camp |
| 18:24 | Age | Feudal Age |
| 18:30 | Build | Stone Wall |
| 18:32 | Build | Stone Wall |
| 18:42 | Build | Stone Wall |
| 18:52 | Create | Villager (Male) |
| 19:12 | Build | Market |
| 19:21 | Build | Blacksmith |
| 19:25 | Create | Villager (Male) |
| 19:51 | Create | Villager (Male) |
| 19:55 | Build | Farm |
| 20:23 | Build | Stone Wall |
| 20:25 | Build | Stone Wall |
| 20:38 | Build | Stone Wall |
| 20:45 | Build | Stone Wall |
| 20:57 | Research | Castle Age |
| 21:01 | Research | Double-Bit Axe |
| 21:04 | Research | Horse Collar |
| 21:34 | Build | Farm |
| 21:45 | Create | Villager (Male) |
| 22:18 | Build | Outpost |
| 22:21 | Build | Outpost |
| 22:56 | Create | Villager (Male) |
| 23:37 | Age | Castle Age |
| 23:40 | Build | Town Center |
| 23:59 | Build | Town Center |
| 24:11 | Build | Town Center |
| 24:17 | Create | Villager (Male) |
| 24:23 | Build | Farm |
| 24:26 | Research | Bow Saw |
| 24:28 | Research | Heavy Plow |
| 24:53 | Create | Villager (Male) |
| 24:53 | Create | Villager (Male) |
| 25:06 | Create | Villager (Male) |
| 25:06 | Create | Villager (Male) |
| 25:26 | Create | Villager (Male) |
| 25:27 | Create | Villager (Male) |
| 25:28 | Create | Villager (Male) |
| 25:52 | Research | Wheelbarrow |
| 25:52 | Create | Villager (Male) |
| 25:52 | Create | Villager (Male) |
| 25:57 | Create | Villager (Male) |
| 25:58 | Create | Villager (Male) |
| 26:06 | Build | Farm |
| 26:06 | Build | Farm |
| 26:07 | Build | Farm |
| 26:07 | Build | Farm |
| 26:12 | Build | Farm |
| 26:17 | Create | Villager (Male) |
| 26:18 | Create | Villager (Male) |
| 26:19 | Create | Villager (Male) |
| 26:19 | Create | Villager (Male) |
| 26:29 | Build | Farm |
| 26:30 | Build | Farm |
| 26:30 | Build | Farm |
| 26:40 | Build | Farm |
| 26:42 | Create | Villager (Male) |
| 26:44 | Create | Villager (Male) |
| 26:45 | Create | Villager (Male) |
| 27:11 | Build | Farm |
| 27:11 | Build | Farm |
| 27:11 | Build | Farm |
| 27:11 | Build | Farm |
| 27:12 | Build | Farm |
| 27:12 | Build | Farm |
| 27:13 | Build | Farm |
| 27:21 | Create | Villager (Male) |
| 27:21 | Create | Villager (Male) |
| 27:22 | Create | Villager (Male) |
| 27:22 | Create | Villager (Male) |
| 27:23 | Create | Villager (Male) |
| 27:23 | Create | Villager (Male) |
| 27:35 | Build | House |
| 27:35 | Build | House |
| 27:36 | Build | House |
| 27:36 | Build | House |
| 27:36 | Build | House |
| 27:36 | Build | House |
| 27:37 | Build | House |
| 27:37 | Build | House |
| 27:37 | Build | House |
| 27:37 | Build | House |
| 27:38 | Build | House |
| 27:38 | Build | House |
| 27:38 | Build | House |
Build order — rkw
First 150 of 515 actions detected
| 0:03 | Build | House |
| 0:04 | Build | House |
| 0:05 | Create | Villager (Male) |
| 0:05 | Create | Villager (Male) |
| 0:12 | Research | Loom |
| 0:14 | Create | Villager (Male) |
| 0:14 | Create | Villager (Male) |
| 0:15 | Create | Villager (Male) |
| 1:12 | Build | Palisade Wall |
| 1:48 | Create | Villager (Male) |
| 1:48 | Create | Villager (Male) |
| 2:31 | Create | Villager (Male) |
| 2:31 | Create | Villager (Male) |
| 3:18 | Create | Villager (Male) |
| 3:18 | Create | Villager (Male) |
| 3:19 | Create | Villager (Male) |
| 4:10 | Create | Villager (Male) |
| 4:10 | Create | Villager (Male) |
| 4:22 | Build | House |
| 4:24 | Build | House |
| 5:12 | Build | House |
| 5:13 | Build | House |
| 5:15 | Build | House |
| 5:22 | Build | House |
| 6:12 | Create | Villager (Male) |
| 6:12 | Create | Villager (Male) |
| 6:12 | Create | Villager (Male) |
| 6:13 | Create | Villager (Male) |
| 6:42 | Build | Lumber Camp |
| 7:20 | Create | Villager (Male) |
| 8:19 | Build | Mill |
| 9:02 | Create | Villager (Male) |
| 9:02 | Create | Villager (Male) |
| 10:21 | Research | Feudal Age |
| 11:29 | Build | Farm |
| 11:30 | Build | Farm |
| 11:30 | Build | Farm |
| 11:31 | Build | Farm |
| 11:32 | Build | Farm |
| 11:37 | Create | Villager (Male) |
| 11:37 | Create | Villager (Male) |
| 11:37 | Create | Villager (Male) |
| 12:26 | Build | Mining Camp |
| 12:31 | Age | Feudal Age |
| 12:49 | Build | Barracks |
| 13:04 | Create | Villager (Male) |
| 13:04 | Create | Villager (Male) |
| 13:06 | Create | Villager (Male) |
| 13:29 | Research | Double-Bit Axe |
| 13:58 | Build | Mining Camp |
| 14:06 | Create | Villager (Male) |
| 14:07 | Create | Villager (Male) |
| 14:07 | Create | Villager (Male) |
| 14:26 | Research | Gold Mining |
| 15:28 | Research | Horse Collar |
| 15:49 | Build | Lumber Camp |
| 15:53 | Build | Farm |
| 15:59 | Build | Farm |
| 16:02 | Build | Farm |
| 16:32 | Build | Farm |
| 16:37 | Create | Villager (Male) |
| 16:38 | Create | Villager (Male) |
| 16:38 | Create | Villager (Male) |
| 16:39 | Create | Villager (Male) |
| 16:39 | Create | Villager (Male) |
| 17:09 | Build | Blacksmith |
| 17:14 | Research | Stone Mining |
| 17:43 | Build | Stable |
| 17:58 | Build | Farm |
| 18:03 | Build | Farm |
| 18:08 | Build | Farm |
| 18:15 | Build | Farm |
| 18:51 | Build | Mill |
| 18:55 | Build | Farm |
| 19:06 | Create | Villager (Male) |
| 19:17 | Research | Castle Age |
| 19:26 | Build | Farm |
| 19:31 | Build | Farm |
| 19:45 | Research | Horse Collar |
| 19:58 | Build | Farm |
| 20:38 | Create | Villager (Male) |
| 20:38 | Create | Villager (Male) |
| 20:39 | Create | Villager (Male) |
| 20:42 | Create | Villager (Male) |
| 20:42 | Create | Villager (Male) |
| 21:10 | Build | House |
| 21:11 | Build | House |
| 21:12 | Build | House |
| 21:13 | Build | House |
| 21:14 | Build | House |
| 21:15 | Build | House |
| 21:17 | Build | House |
| 21:19 | Build | House |
| 21:20 | Build | House |
| 21:21 | Build | House |
| 21:22 | Build | House |
| 21:27 | Build | House |
| 21:28 | Build | House |
| 21:29 | Build | House |
| 21:32 | Build | House |
| 21:36 | Build | House |
| 21:37 | Build | House |
| 21:57 | Age | Castle Age |
| 22:40 | Build | Town Center |
| 22:43 | Create | Villager (Male) |
| 22:45 | Create | Villager (Male) |
| 22:45 | Create | Villager (Male) |
| 23:56 | Create | Villager (Male) |
| 23:56 | Create | Villager (Male) |
| 23:58 | Create | Villager (Male) |
| 24:04 | Create | Villager (Male) |
| 24:05 | Create | Villager (Male) |
| 24:05 | Create | Villager (Male) |
| 24:05 | Create | Villager (Male) |
| 24:06 | Create | Villager (Male) |
| 24:08 | Create | Villager (Male) |
| 24:08 | Create | Villager (Male) |
| 24:08 | Create | Villager (Male) |
| 24:13 | Create | Villager (Male) |
| 24:13 | Create | Villager (Male) |
| 24:16 | Create | Villager (Male) |
| 24:16 | Create | Villager (Male) |
| 24:16 | Create | Villager (Male) |
| 24:18 | Create | Villager (Male) |
| 24:36 | Build | Lumber Camp |
| 25:02 | Create | Villager (Male) |
| 25:03 | Create | Villager (Male) |
| 25:03 | Create | Villager (Male) |
| 25:13 | Research | Stone Shaft Mining |
| 25:26 | Build | Castle |
| 25:41 | Research | Wheelbarrow |
| 25:45 | Create | Villager (Male) |
| 25:46 | Create | Villager (Male) |
| 25:46 | Create | Villager (Male) |
| 25:46 | Create | Villager (Male) |
| 25:59 | Create | Villager (Male) |
| 25:59 | Create | Villager (Male) |
| 26:04 | Research | Bow Saw |
| 26:06 | Research | Heavy Plow |
| 26:16 | Build | Farm |
| 26:16 | Build | Farm |
| 26:38 | Create | Villager (Male) |
| 26:38 | Create | Villager (Male) |
| 26:38 | Create | Villager (Male) |
| 27:03 | Build | Farm |
| 27:24 | Create | Villager (Male) |
| 27:24 | Create | Villager (Male) |
| 27:24 | Create | Villager (Male) |
| 28:02 | Build | Mill |
| 28:07 | Build | Farm |
Build order — [LOEL] Vianella
First 150 of 564 actions detected
| 0:03 | Build | House |
| 0:05 | Build | House |
| 0:06 | Create | Villager (Male) ×4 |
| 0:06 | Create | Villager (Male) ×4 |
| 0:52 | Build | Palisade Wall |
| 1:45 | Create | Villager (Male) |
| 1:45 | Create | Villager (Male) |
| 2:33 | Create | Villager (Male) |
| 2:33 | Create | Villager (Male) |
| 2:57 | Create | Villager (Male) |
| 2:57 | Create | Villager (Male) |
| 3:29 | Create | Villager (Male) |
| 3:30 | Create | Villager (Male) |
| 3:34 | Build | House |
| 3:35 | Build | House |
| 4:00 | Create | Villager (Male) |
| 4:01 | Create | Villager (Male) |
| 4:08 | Research | Loom |
| 4:26 | Create | Villager (Male) |
| 4:26 | Create | Villager (Male) |
| 5:02 | Create | Villager (Male) ×2 |
| 5:38 | Build | Palisade Wall |
| 5:42 | Create | Villager (Male) |
| 5:42 | Create | Villager (Male) |
| 6:00 | Create | Villager (Male) |
| 6:16 | Build | Lumber Camp |
| 7:27 | Build | Palisade Wall |
| 8:48 | Create | Villager (Male) ×5 |
| 8:48 | Create | Villager (Male) ×5 |
| 8:48 | Create | Villager (Male) ×5 |
| 9:00 | Build | Mill |
| 9:10 | Create | Villager (Male) |
| 10:18 | Create | Villager (Male) |
| 10:51 | Build | Mill |
| 11:08 | Build | Farm |
| 11:09 | Build | Farm |
| 11:10 | Build | Farm |
| 11:24 | Build | Palisade Wall |
| 11:47 | Create | Villager (Male) |
| 12:19 | Create | Villager (Male) |
| 12:48 | Build | Farm |
| 12:52 | Research | Feudal Age |
| 12:53 | Research | Feudal Age |
| 13:34 | Create | Villager (Male) ×2 |
| 13:41 | Build | Dock |
| 13:47 | Create | Villager (Male) |
| 14:37 | Build | House |
| 14:39 | Build | House |
| 14:42 | Build | House |
| 14:44 | Create | Fishing Ship |
| 14:46 | Create | Fishing Ship |
| 15:02 | Age | Feudal Age |
| 15:30 | Create | Villager (Male) |
| 15:38 | Build | Mining Camp |
| 15:50 | Build | Mining Camp |
| 15:55 | Create | Villager (Male) |
| 16:17 | Build | Market |
| 16:20 | Create | Villager (Male) |
| 17:06 | Create | Villager (Male) |
| 17:36 | Build | Blacksmith |
| 18:09 | Research | Castle Age |
| 18:10 | Research | Castle Age |
| 18:21 | Build | Farm |
| 18:27 | Build | Farm |
| 19:10 | Research | Horse Collar |
| 19:18 | Build | Farm |
| 19:18 | Build | Farm |
| 19:21 | Build | Farm |
| 19:22 | Build | Farm |
| 19:48 | Research | Double-Bit Axe |
| 20:17 | Create | Villager (Male) ×5 |
| 20:32 | Research | Wheelbarrow |
| 20:49 | Age | Castle Age |
| 20:55 | Build | Barracks |
| 21:13 | Create | Villager (Male) ×2 |
| 21:19 | Build | Town Center |
| 21:51 | Research | Man-at-Arms (upgrade) |
| 22:07 | Build | Town Center |
| 22:15 | Build | House |
| 22:15 | Build | House |
| 22:16 | Build | House |
| 22:16 | Build | House |
| 22:17 | Build | House |
| 22:17 | Build | House |
| 22:17 | Build | House |
| 22:18 | Build | House |
| 22:28 | Research | Wheelbarrow |
| 22:31 | Create | Villager (Male) ×5 |
| 23:17 | Build | Farm |
| 23:17 | Build | Farm |
| 23:17 | Build | Farm |
| 23:18 | Build | Farm |
| 23:18 | Build | Farm |
| 23:18 | Build | Farm |
| 23:26 | Create | Villager (Male) ×3 |
| 23:33 | Build | Farm |
| 23:33 | Build | Farm |
| 23:34 | Build | Farm |
| 23:34 | Build | Farm |
| 23:34 | Build | Farm |
| 23:34 | Build | Farm |
| 23:44 | Build | House |
| 24:10 | Create | Villager (Male) ×2 |
| 24:13 | Build | Farm |
| 24:16 | Build | Farm |
| 24:21 | Build | Farm |
| 24:21 | Build | Farm |
| 24:22 | Build | Farm |
| 24:22 | Build | Farm |
| 24:22 | Build | Farm |
| 24:22 | Build | Farm |
| 24:26 | Create | Villager (Male) |
| 24:34 | Build | Farm |
| 24:59 | Create | Villager (Male) ×2 |
| 25:06 | Build | Fish Trap |
| 25:12 | Create | Villager (Male) ×2 |
| 25:21 | Create | Villager (Male) |
| 25:32 | Build | Farm |
| 25:33 | Build | Farm |
| 25:35 | Build | Farm |
| 25:37 | Build | Farm |
| 25:39 | Build | Farm |
| 25:41 | Create | Villager (Male) |
| 26:08 | Build | Castle |
| 26:14 | Create | Villager (Male) ×3 |
| 26:22 | Research | Fletching |
| 26:37 | Create | Villager (Male) |
| 26:47 | Create | Villager (Male) ×2 |
| 26:47 | Create | Villager (Male) ×2 |
| 26:59 | Create | Villager (Male) ×2 |
| 27:00 | Create | Villager (Male) ×2 |
| 27:08 | Build | University |
| 27:13 | Build | House |
| 27:14 | Build | House |
| 27:14 | Build | House |
| 27:14 | Build | House |
| 27:15 | Build | House |
| 27:15 | Build | House |
| 27:15 | Build | House |
| 27:18 | Build | House |
| 27:18 | Build | House |
| 27:19 | Build | House |
| 27:19 | Build | House |
| 27:19 | Build | House |
| 27:28 | Create | Villager (Male) ×5 |
| 27:37 | Create | Villager (Male) ×2 |
| 27:53 | Build | Town Center |
| 27:58 | Research | Squires |
| 28:12 | Build | Lumber Camp |
| 28:30 | Create | Villager (Male) ×5 |
Build order — xbr
First 150 of 497 actions detected
| 0:04 | Build | House |
| 0:05 | Build | House |
| 0:06 | Build | House |
| 0:26 | Create | Villager (Male) |
| 0:26 | Create | Villager (Male) |
| 0:26 | Create | Villager (Male) |
| 0:26 | Create | Villager (Male) |
| 1:53 | Create | Villager (Male) |
| 2:40 | Create | Villager (Male) |
| 2:40 | Create | Villager (Male) |
| 2:40 | Create | Villager (Male) |
| 3:15 | Create | Villager (Male) |
| 3:35 | Create | Villager (Male) |
| 3:35 | Create | Villager (Male) |
| 4:08 | Create | Villager (Male) |
| 4:08 | Create | Villager (Male) |
| 4:20 | Build | Mill |
| 4:48 | Create | Villager (Male) |
| 5:21 | Research | Loom |
| 5:51 | Create | Villager (Male) |
| 5:51 | Create | Villager (Male) |
| 5:52 | Create | Villager (Male) |
| 5:52 | Create | Villager (Male) |
| 6:04 | Create | Villager (Male) |
| 6:04 | Create | Villager (Male) |
| 6:04 | Create | Villager (Male) |
| 6:21 | Create | Villager (Male) |
| 6:21 | Create | Villager (Male) |
| 6:24 | Build | House |
| 7:15 | Create | Villager (Male) |
| 7:16 | Create | Villager (Male) |
| 7:16 | Create | Villager (Male) |
| 7:16 | Create | Villager (Male) |
| 7:25 | Build | Lumber Camp |
| 8:24 | Create | Villager (Male) |
| 8:25 | Create | Villager (Male) |
| 8:25 | Create | Villager (Male) |
| 8:38 | Build | Farm |
| 8:54 | Create | Villager (Male) |
| 8:54 | Create | Villager (Male) |
| 8:55 | Create | Villager (Male) |
| 8:55 | Create | Villager (Male) |
| 8:57 | Create | Villager (Male) |
| 8:57 | Create | Villager (Male) |
| 8:57 | Create | Villager (Male) |
| 8:58 | Create | Villager (Male) |
| 9:13 | Create | Villager (Male) |
| 9:26 | Create | Villager (Male) |
| 9:26 | Create | Villager (Male) |
| 9:38 | Create | Villager (Male) |
| 9:38 | Create | Villager (Male) |
| 9:40 | Create | Villager (Male) |
| 9:41 | Create | Villager (Male) |
| 10:02 | Build | House |
| 10:03 | Create | Villager (Male) |
| 10:03 | Create | Villager (Male) |
| 10:11 | Create | Villager (Male) |
| 10:14 | Research | Feudal Age |
| 10:34 | Build | Mining Camp |
| 11:17 | Build | Mill |
| 11:29 | Build | Farm |
| 11:45 | Build | Farm |
| 12:50 | Build | Barracks |
| 13:20 | Build | Mill |
| 13:30 | Build | House |
| 13:51 | Age | Feudal Age |
| 13:53 | Create | Villager (Male) |
| 13:54 | Create | Villager (Male) |
| 14:16 | Build | Blacksmith |
| 14:27 | Build | Farm |
| 14:43 | Research | Double-Bit Axe |
| 15:03 | Create | Villager (Male) |
| 15:23 | Build | Stable |
| 15:41 | Create | Villager (Male) |
| 16:02 | Research | Castle Age |
| 16:10 | Build | House |
| 16:12 | Build | House |
| 16:34 | Build | Lumber Camp |
| 17:06 | Build | Market |
| 17:29 | Research | Gold Mining |
| 17:44 | Build | Lumber Camp |
| 18:17 | Build | House |
| 18:46 | Age | Castle Age |
| 18:56 | Build | Monastery |
| 18:57 | Create | Villager (Male) |
| 18:57 | Create | Villager (Male) |
| 18:58 | Create | Villager (Male) |
| 19:00 | Research | Bow Saw |
| 19:22 | Build | Town Center |
| 19:27 | Create | Villager (Male) |
| 19:38 | Create | Villager (Male) |
| 20:06 | Build | Town Center |
| 20:15 | Build | Town Center |
| 20:18 | Create | Villager (Male) |
| 20:32 | Create | Monk |
| 20:42 | Build | House |
| 20:43 | Build | House |
| 20:43 | Build | House |
| 20:44 | Build | House |
| 20:51 | Create | Villager (Male) |
| 20:52 | Create | Villager (Male) |
| 20:52 | Create | Villager (Male) |
| 20:53 | Create | Villager (Male) |
| 21:01 | Build | Farm |
| 21:02 | Build | Farm |
| 21:05 | Build | Farm |
| 21:06 | Build | Farm |
| 21:07 | Build | Farm |
| 21:08 | Build | Farm |
| 21:10 | Build | Farm |
| 21:11 | Build | Farm |
| 21:12 | Build | Farm |
| 21:14 | Build | Farm |
| 21:14 | Build | Farm |
| 21:17 | Build | Farm |
| 21:20 | Create | Villager (Male) |
| 21:20 | Create | Villager (Male) |
| 21:20 | Create | Villager (Male) |
| 21:21 | Create | Villager (Male) |
| 21:22 | Create | Villager (Male) |
| 21:29 | Build | University |
| 21:38 | Build | University |
| 21:42 | Create | Monk |
| 21:49 | Create | Villager (Male) |
| 21:51 | Create | Villager (Male) |
| 21:52 | Create | Villager (Male) |
| 22:11 | Create | Villager (Male) |
| 22:33 | Create | Villager (Male) |
| 22:56 | Create | Monk |
| 23:08 | Create | Villager (Male) |
| 23:09 | Create | Villager (Male) |
| 23:11 | Create | Villager (Male) |
| 23:11 | Create | Villager (Male) |
| 23:17 | Build | Farm |
| 23:19 | Build | Farm |
| 23:20 | Build | Farm |
| 23:24 | Build | Farm |
| 23:26 | Build | Farm |
| 23:27 | Build | Farm |
| 23:29 | Build | Farm |
| 23:31 | Build | Farm |
| 23:32 | Build | Farm |
| 23:33 | Build | Farm |
| 23:34 | Create | Villager (Male) |
| 23:34 | Create | Villager (Male) |
| 23:37 | Create | Villager (Male) |
| 23:37 | Create | Villager (Male) |
| 23:42 | Build | Farm |
| 23:43 | Build | Farm |
| 23:44 | Build | Farm |
Match timeline
| 0:36 | HoLeeFuk · wall_segment Palisade Wall x7 |
| 0:52 | [LOEL] Vianella · wall_segment Palisade Wall x23 |
| 1:08 | praetorian005 · wall_segment Palisade Wall x12 |
| 1:12 | rkw · wall_segment Palisade Wall x14 |
| 1:38 | lolfred · wall_segment Palisade Wall x22 |
| 1:47 | praetorian005 · wall_segment Palisade Wall x9 |
| 2:25 | HoLeeFuk · wall_segment Palisade Wall x9 |
| 2:34 | fifox58 · wall_segment Palisade Wall x10 |
| 4:00 | Mortare · wall_segment Palisade Wall x14 |
| 4:41 | HoLeeFuk · wall_segment Palisade Wall x11 |
| 5:28 | praetorian005 · wall_segment Palisade Wall x8 |
| 5:38 | [LOEL] Vianella · wall_segment Palisade Wall x11 |
| 5:57 | praetorian005 · wall_segment Palisade Wall x9 |
| 7:27 | [LOEL] Vianella · wall_segment Palisade Wall x13 |
| 9:56 | lolfred · first_building Dock |
| 11:24 | [LOEL] Vianella · wall_segment Palisade Wall x1 |
| 11:58 | HoLeeFuk · wall_segment Palisade Wall x10 |
| 12:00 | HoLeeFuk · wall_segment Palisade Wall x4 |
| 12:05 | Mortare · age_up feudal |
| 12:31 | rkw · age_up feudal |
| 12:45 | praetorian005 · first_building Dock |
| 12:49 | rkw · first_building Barracks |
| 12:50 | xbr · first_building Barracks |
| 13:10 | fifox58 · age_up feudal |
| 13:41 | [LOEL] Vianella · first_building Dock |
| 13:51 | xbr · age_up feudal |
| 13:52 | praetorian005 · age_up feudal |
| 14:03 | lolfred · age_up feudal |
| 15:02 | [LOEL] Vianella · age_up feudal |
| 15:23 | xbr · first_building Stable |
| 15:29 | lolfred · wall_segment Stone Wall x19 |
| 17:05 | fifox58 · age_up castle |
| 17:34 | praetorian005 · first_market_sell 100 wood |
| 17:43 | rkw · first_building Stable |
| 17:53 | lolfred · wall_segment Stone Wall x13 |
| 18:24 | HoLeeFuk · age_up feudal |
| 18:30 | HoLeeFuk · wall_segment Stone Wall x1 |
| 18:32 | HoLeeFuk · wall_segment Stone Wall x10 |
| 18:42 | HoLeeFuk · wall_segment Stone Wall x7 |
| 18:45 | Mortare · age_up castle |
| 18:46 | xbr · age_up castle |
| 18:56 | xbr · first_building Monastery |
| 19:12 | Mortare · wall_segment Stone Wall x8 |
| 19:20 | Mortare · wall_segment Stone Wall x6 |
| 20:14 | praetorian005 · age_up castle |
| 20:23 | HoLeeFuk · wall_segment Stone Wall x1 |
| 20:25 | HoLeeFuk · wall_segment Stone Wall x12 |
| 20:37 | fifox58 · wall_segment Stone Wall x13 |
| 20:38 | HoLeeFuk · wall_segment Stone Wall x1 |
| 20:42 | praetorian005 · first_market_buy 100 wood |
| 20:45 | HoLeeFuk · wall_segment Stone Wall x9 |
| 20:49 | [LOEL] Vianella · age_up castle |
| 20:51 | [LOEL] Vianella · first_market_buy 100 wood |
| 20:55 | [LOEL] Vianella · first_building Barracks |
| 21:01 | fifox58 · wall_segment Stone Wall x8 |
| 21:22 | lolfred · first_building Barracks |
| 21:27 | fifox58 · wall_segment Stone Wall x7 |
| 21:34 | fifox58 · wall_segment Stone Wall x1 |
| 21:57 | rkw · age_up castle |
| 22:25 | lolfred · age_up castle |
| 23:17 | HoLeeFuk · first_market_buy 100 food |
| 23:37 | HoLeeFuk · age_up castle |
| 24:20 | Mortare · first_building Monastery |
| 24:35 | fifox58 · first_building Castle |
| 24:45 | praetorian005 · first_building Castle |
| 25:26 | rkw · first_building Castle |
| 25:29 | fifox58 · first_building Monastery |
| 25:37 | lolfred · first_building Monastery |
| 25:58 | lolfred · first_building Castle |
| 26:08 | [LOEL] Vianella · first_building Castle |
| 26:35 | praetorian005 · first_building Monastery |
| 27:32 | lolfred · wall_segment Stone Wall x9 |
| 27:57 | praetorian005 · first_building Barracks |
| 28:08 | Mortare · first_building Castle |
| 28:23 | praetorian005 · wall_segment Stone Wall x4 |
| 28:26 | praetorian005 · wall_segment Stone Wall x5 |
| 28:55 | lolfred · first_building Stable |
| 29:20 | praetorian005 · first_building Stable |
| 29:36 | lolfred · wall_segment Stone Wall x24 |
| 29:37 | rkw · wall_segment Stone Wall x22 |
| 29:40 | HoLeeFuk · first_building Castle |
| 29:50 | praetorian005 · wall_segment Stone Wall x4 |
| 29:55 | fifox58 · age_up imperial |
| 30:31 | lolfred · wall_segment Stone Wall x17 |
| 30:49 | praetorian005 · wall_segment Stone Wall x4 |
| 30:51 | praetorian005 · wall_segment Stone Wall x4 |
| 31:07 | HoLeeFuk · first_building Monastery |
| 31:10 | lolfred · wall_segment Stone Wall x11 |
| 31:20 | praetorian005 · first_building Siege Workshop |
| 31:21 | lolfred · age_up imperial |
| 31:58 | rkw · wall_segment Stone Wall x22 |
| 33:21 | Mortare · first_building Barracks |
| 33:34 | praetorian005 · age_up imperial |
| 33:48 | [LOEL] Vianella · first_building Siege Workshop |
| 33:52 | rkw · wall_segment Stone Wall x21 |
| 33:57 | Mortare · age_up imperial |
| 34:10 | Mortare · first_market_buy 100 stone |
| 34:14 | Mortare · first_market_sell 100 food |
| 34:16 | HoLeeFuk · first_building Barracks |
| 34:36 | Mortare · first_building Archery Range |
| 34:56 | xbr · age_up imperial |
| 35:07 | [LOEL] Vianella · age_up imperial |
| 35:47 | HoLeeFuk · wall_segment Stone Wall x16 |
| 35:50 | HoLeeFuk · wall_segment Stone Wall x8 |
| 36:14 | praetorian005 · first_building Archery Range |
| 36:42 | HoLeeFuk · wall_segment Stone Wall x8 |
| 37:16 | xbr · first_building Castle |
| 37:34 | HoLeeFuk · first_building Siege Workshop |
| 38:14 | lolfred · first_market_sell 100 wood |
| 38:16 | lolfred · first_market_buy 100 food |
| 38:32 | HoLeeFuk · wall_segment Stone Wall x13 |
| 38:46 | Mortare · first_building Stable |
| 39:27 | HoLeeFuk · wall_segment Stone Wall x9 |
| 39:32 | HoLeeFuk · wall_segment Stone Wall x2 |
| 39:47 | HoLeeFuk · wall_segment Stone Wall x1 |
| 39:49 | HoLeeFuk · wall_segment Stone Wall x2 |
| 39:51 | HoLeeFuk · wall_segment Stone Wall x1 |
| 39:52 | HoLeeFuk · wall_segment Stone Wall x1 |
| 39:53 | HoLeeFuk · wall_segment Stone Wall x4 |
| 40:03 | HoLeeFuk · age_up imperial |
| 40:46 | HoLeeFuk · first_building Stable |
| 40:50 | xbr · first_building Siege Workshop |
| 41:48 | rkw · age_up imperial |
| 44:19 | praetorian005 · wall_segment Stone Wall x5 |
| 44:21 | praetorian005 · wall_segment Stone Wall x6 |
| 47:07 | [LOEL] Vianella · wall_segment Palisade Wall x15 |
| 47:39 | HoLeeFuk · wall_segment Stone Wall x6 |
| 48:11 | rkw · first_building Siege Workshop |
| 48:51 | xbr · tribute_sent a jugador 1 |
| 48:51 | xbr · tribute_sent a jugador 2 |
| 48:51 | xbr · tribute_sent a jugador 3 |
| 48:51 | xbr · tribute_sent a jugador 4 |
| 48:51 | xbr · tribute_sent a jugador 5 |
| 48:51 | xbr · tribute_sent a jugador 6 |
| 48:51 | xbr · tribute_sent a jugador 7 |
| 49:49 | rkw · first_market_buy 100 stone |
| 53:17 | lolfred · wall_segment Stone Wall x1 |
| 53:30 | fifox58 · first_market_sell 500 food |
| 53:41 | HoLeeFuk · first_market_sell 100 food |
| 53:57 | [LOEL] Vianella · first_market_sell 500 wood |
| 54:17 | praetorian005 · wall_segment Stone Wall x4 |
| 54:19 | praetorian005 · wall_segment Stone Wall x6 |
| 55:09 | lolfred · wall_segment Stone Wall x4 |
| 55:15 | [LOEL] Vianella · wall_segment Palisade Wall x15 |
| 55:23 | lolfred · wall_segment Stone Wall x2 |
| 55:26 | xbr · tribute_sent a jugador 1 |
| 55:26 | xbr · tribute_sent a jugador 2 |
| 55:26 | xbr · tribute_sent a jugador 3 |
| 55:26 | xbr · tribute_sent a jugador 4 |
| 55:26 | xbr · tribute_sent a jugador 5 |
| 55:26 | xbr · tribute_sent a jugador 6 |
| 55:26 | xbr · tribute_sent a jugador 7 |
| 56:17 | lolfred · wall_segment Stone Wall x8 |
| 57:41 | HoLeeFuk · wall_segment Stone Wall x6 |
| 61:27 | fifox58 · resign |
| 63:46 | lolfred · wall_segment Stone Wall x8 |
| 64:24 | lolfred · wall_segment Stone Wall x7 |
[ AI ANALYSIS · 1 CREDIT ]
What really happened in this match?
Wolo.gg analyzes every decision: build order, eco, micro, common mistakes by bracket. Personalized analysis on WhatsApp or Discord in 30 seconds.
Civ guide
Tatars
Map guide
Black Forest
Perfil
Jugador #1952352